 Dungeon Crawl Stone Soup version 0.16-a0-1083-g6a3eec8 (webtiles) character file.

7297 xcesad the Fighter (level 10, -12/82 HPs)
             Began as a Demonspawn Berserker on Oct 5, 2014.
             Was an Elder of Trog.
             Mangled by Urug
             ... wielding a +0 battleaxe
              (15 damage)
             ... on level 9 of the Dungeon.
             The game lasted 01:03:15 (9071 turns).

xcesad the Fighter (Demonspawn Berserker)           Turns: 9071, Time: 01:03:17

HP -12/82        AC 23     Str 20      XL: 10   Next: 89%
MP  10/10        EV 11     Int 11      God: Trog [****..]
Gold 249         SH  0     Dex 15      Spells:  0 memorised,  9 levels left

rFire  . . .     SeeInvis .     w - +8 short sword of Jungy {vamp, +Rage Int+2 Stlth--}
rCold  . . .     Clarity  .     z - +5 plate armour "Sexky" {Dex-3 Slay+3 Stlth-}
rNeg   . . .     rCorr    .     (no shield)
rPois  +         rRot     .     (helmet restricted)
rElec  .         Spirit   .     (no cloak)
SustAb .         Warding  .     v - +0 pair of gloves
rMut   .         Stasis   .     (no boots)
Gourm  .                        (no amulet)
MR     .....                    m - ring of poison resistance
                                J - +5 ring of protection

@: agile, exhausted, about to teleport, slowed, very slow, not resistant to
hostile enchantments, extremely unstealthy
A: claws 2, horns 1, talons 2, powered by pain 1
a: Burn Spellbooks, Berserk, Trog's Hand, Brothers in Arms, Renounce Religion,
Evoke Berserk Rage


You were on level 9 of the Dungeon.
You worshipped Trog.
Trog was greatly pleased with you.
You were hungry.

You visited 2 branches of the dungeon, and saw 11 of its levels.

You collected 496 gold pieces.
You spent 247 gold pieces at shops.

Inventory:

Hand weapons
 a - a cursed +2 whip of freezing
 f - a +1 dagger of flaming
 i - a +1 dagger of flaming
 l - a cursed -3 hand axe
 u - the +7 hunting sling of Oenomania {flame, Dex+4}
   (You found it on level 7 of the Dungeon)

   It turns projectiles fired from it into bolts of flame.
   It affects your dexterity (+4).
 w - the +8 short sword of Jungy (weapon) {vamp, +Rage Int+2 Stlth--}
   (You found it on level 4 of the Dungeon)

   It inflicts no extra harm, but heals its wielder somewhat when it strikes a
   living foe.
   It affects your intelligence (+2).
   It lets you go berserk.
   It makes you much less stealthy.
 x - a +4 trident of venom
 F - a +0 war axe
 G - a cursed -3 war axe
 M - a +1 trident of freezing
Missiles
 c - 30 stones (quivered)
 C - 10 poisoned sling bullets
Armour
 h - a +3 leather armour
 v - a +0 pair of gloves (worn)
 y - the +2 leather armour of the Present {Dex+3 Int+4}
   (You bought it in a shop on level 7 of the Dungeon)

   It affects your intelligence (+4).
   It affects your dexterity (+3).
 z - the +5 plate armour "Sexky" (worn) {Dex-3 Slay+3 Stlth-}
   (You found it on level 8 of the Dungeon)

   It affects your dexterity (-3).
   It affects your accuracy and damage with ranged weapons and melee attacks
   (+3).
   It makes you less stealthy.
 D - a +3 leather armour of cold resistance
 I - a +2 leather armour of magic resistance
 N - a +0 pair of boots
 P - a +0 robe of fire resistance
Magical devices
 B - a wand of teleportation (5) {unknown}
Comestibles
 s - 3 beef jerkies
Scrolls
 d - 2 scrolls of teleportation
 g - a scroll of noise
 j - 2 scrolls of fog {unknown}
 n - 3 scrolls of remove curse
 E - 2 scrolls of recharging
 K - a scroll of identify
 O - a scroll of torment {unknown}
Jewellery
 k - an uncursed ring of flight
 m - a ring of poison resistance (right hand)
 p - an uncursed ring of protection from fire
 r - a -3 ring of evasion
 H - a cursed ring of wizardry
 J - a +5 ring of protection (left hand)
 L - a -3 ring of slaying
 Q - an uncursed ring of magical power {unknown}
Potions
 b - 3 potions of lignification
 t - a potion of cancellation
 A - a potion of might {unknown}
Books
 e - a book of the Tempests

   Spells                             Type                      Level
   Static Discharge                   Conjuration/Air              3
   Lightning Bolt                     Conjuration/Air              5
   Fireball                           Conjuration/Fire             5
   Tornado                            Air                          9
   Shatter                            Earth                        9
   Trog disapproves of the use of such an item.
Magical staves
 q - an uncursed staff of cold
Miscellaneous
 o - a plain deck of wonders


   Skills:
 + Level 8.6 Fighting
 + Level 7.5(7.6) Short Blades
   Level 0.8(4.7) Long Blades
 + Level 1.9(3.1) Axes
 + Level 3.8(4.0) Polearms
 + Level 0.3 Slings
 + Level 6.0 Armour
 + Level 8.6 Dodging
 + Level 3.0 Stealth


You had 9 spell levels left.
You didn't know any spells.

Dungeon Overview and Level Annotations

Branches:
Dungeon (10/15)            Temple (1/1) D:6
    Orc: D:9-12        Lair: D:8-11

Altars:
Ashenzari
Cheibriados
Dithmenos
Elyvilon
Fedhas
Gozag
Kikubaaqudgha
Makhleb
Nemelex Xobeh
Okawaru
Qazlal
Ru
Sif Muna
Trog
Vehumet
Xom
Yredelemnul
Zin
The Shining One

Shops:
D:7 *

Annotations:
D:9 Urug


Innate Abilities, Weirdness & Mutations

You have very sharp fingernails.
You have a pair of small horns on your head.
You have razor-sharp toenails.
You sometimes gain a little power by taking damage.


Message History

* * * LOW HITPOINT WARNING * * *
You climb upwards.
There is a stone staircase leading down here.
Use which ability? (? or * to list) You're too exhausted to go berserk.
As you read the scroll of teleportation, it crumbles to dust.
You feel strangely unstable. The giant frog barely misses you.
The giant frog barely misses you. Urug hits you but does no damage.
The hill giant barely misses you. The giant frog misses you.
You puncture the giant frog!
You feel better.
Your kick misses the giant frog.
The giant frog is severely wounded.
Urug hits you with a battleaxe.
The giant frog hits you but does no damage.
You puncture the giant frog!
You feel better.
You kill the giant frog!
Trog accepts your kill.
The hill giant hits you with a giant club!!
* * * LOW HITPOINT WARNING * * *
Urug hits you with a battleaxe!
You die...

#..... #.....
#############P....
##.................
#.......######.....
#.......# #..<..##
#.(.....# #.....#
######o#########.....##
#.....@%.......'.....'.
#.###C######.###.....##
#.# #.# #.........# #.#
#.# #)........## #.#
#.# #))....#.... #.#
#.# #.######....
#######.# #.# ####'####
#.... #.......# #.#
#.......# #####
#.####### #.# #.......#


You could see Urug and a hill giant.

Vanquished Creatures
  The ghost of ciphuk the Grappler, an experienced TrBe of Trog (D:9)
  Pikel (D:5)
  The ghost of Bloax the Grappler, an experienced VSFi of Cheibriados (D:8)
  An ugly thing (D:10)
  Joseph (D:7)
  A two-headed ogre (D:8)
  A raven (D:8)
  A steam dragon (D:9)
  A yak (D:7)
  A human (D:7)
  2 hungry ghosts
  Edmund (D:7)
  2 orc warriors
  2 water moccasins
  2 ogres
  A slave (D:5)
  2 phantoms
  2 sky beasts
  9 centaurs
  An ice beast (D:10)
  A big kobold (D:9)
  Blork the orc (D:9)
  7 giant frogs
  A cyclops zombie (D:9)
  A scorpion (D:10)
  The ghost of Bloax the Ruffian, a weakling MiTm (D:3)
  8 killer bees
  A goliath beetle (D:7)
  A centaur skeleton (D:9)
  6 crimson imps
  2 hounds
  A jelly (D:9)
  7 orc wizards
  4 worker ants
  4 orc priests
  3 iguanas
  3 sheep (D:7)
  A big kobold zombie (D:9)
  A big kobold skeleton (D:9)
  A hound zombie (D:7)
  2 mummies
  7 adders
  3 shadow imps
  3 worms
  2 giant mites
  2 iguana zombies
  4 giant geckos
  2 oozes
  26 orcs
  16 bats
  A bat zombie (D:9)
  5 giant cockroaches
  9 goblins
  16 hobgoblins
  4 jackals
  6 quokkas
  A ball python (D:3)
  3 giant newts
  13 kobolds
  A kobold skeleton (D:6)
  A kobold zombie (D:9)
  An orc zombie (D:7)
  A quokka skeleton (D:6)
  11 rats
  A ballistomycete (D:9)
230 creatures vanquished.

Vanquished Creatures (others)
  A worker ant (D:5)
  A giant spore (D:9)
2 creatures vanquished.

Grand Total: 232 creatures vanquished

Notes
Turn   | Place    | Note
--------------------------------------------------------------
     0 | D:1      | xcesad, the Demonspawn Berserker, began the quest for the Orb.
     0 | D:1      | Reached XP level 1. HP: 18/18 MP: 1/1
    94 | D:1      | Found a glowing golden altar of the Shining One.
   158 | D:1      | HP: 1/27 [kobold/dagger (3)]
   384 | D:1      | Gained mutation: You have sharp toenails. [demonic ancestry]
   384 | D:1      | Reached XP level 2. HP: 20/24 MP: 2/2
  1217 | D:2      | Gained mutation: You have a pair of small horns on your head. [demonic ancestry]
  1217 | D:2      | Reached XP level 3. HP: 27/29 MP: 3/3
  1302 | D:2      | Found an ancient bone altar of Kikubaaqudgha.
  1385 | D:2      | Acquired Trog's second power
  1394 | D:2      | Found a bloodstained altar of Trog.
  1484 | D:2      | You fall through a shaft!
  1484 | D:3      | Noticed Bloax's ghost (weakling MiTm)
  1488 | D:3      | Killed Bloax's ghost
  1488 | D:3      | Reached XP level 4. HP: 36/36 MP: 4/4
  1921 | D:3      | Found a blossoming altar of Fedhas.
  1931 | D:3      | Found a burning altar of Makhleb.
  1932 | D:3      | Found a shattered altar of Ashenzari.
  1932 | D:3      | Found a shimmering altar of Xom.
  1936 | D:3      | Found a sacrificial altar of Ru.
  1938 | D:3      | Found an iron altar of Okawaru.
  2130 | D:4      | Gained mutation: You have sharp fingernails. [demonic ancestry]
  2130 | D:4      | Reached XP level 5. HP: 42/42 MP: 5/5
  2579 | D:4      | Reached skill level 4 in Fighting
  2609 | D:4      | Reached XP level 6. HP: 9/48 MP: 6/6
  3109 | D:4      | Got a smoking short sword
  3110 | D:4      | Identified the +8 short sword of Jungy {vamp, +Rage Int+2 Stlth--} (You found it on level 4 of the Dungeon)
  3228 | D:4      | Reached skill level 1 in Axes
  3259 | D:4      | Reached skill level 1 in Stealth
  3335 | D:5      | Entered Level 5 of the Dungeon
  3728 | D:4      | Gained mutation: You sometimes gain a little power by taking damage. [demonic ancestry]
  3728 | D:4      | Reached XP level 7. HP: 38/55 MP: 7/7
  3933 | D:5      | Noticed a water moccasin
  3939 | D:5      | Killed a water moccasin
  3939 | D:5      | Reached skill level 1 in Short Blades
  4123 | D:5      | Reached skill level 5 in Fighting
  4285 | D:5      | Noticed Pikel
  4296 | D:5      | Killed Pikel
  4296 | D:5      | Reached skill level 5 in Dodging
  4296 | D:5      | Gained mutation: You have razor-sharp toenails. [demonic ancestry]
  4296 | D:5      | Reached XP level 8. HP: 64/64 MP: 8/8
  4709 | D:6      | Reached skill level 6 in Fighting
  5067 | D:6      | Found a sparkling altar of Nemelex Xobeh.
  5356 | D:6      | Found a staircase to the Ecumenical Temple.
  5367 | Temple   | Entered the Ecumenical Temple
  6225 | D:7      | Gained mutation: You have very sharp fingernails. [demonic ancestry]
  6225 | D:7      | Reached XP level 9. HP: 71/71 MP: 9/9
  6258 | D:7      | Noticed Edmund
  6273 | D:7      | Killed Edmund
  6375 | D:7      | Found a deep blue altar of Sif Muna.
  6683 | D:7      | Reached skill level 7 in Fighting
  6683 | D:7      | Reached skill level 5 in Short Blades
  6872 | D:7      | Found a sand-covered staircase.
  6873 | D:7      | Found Sugucro's Assorted Antiques.
  6901 | D:7      | Got a steaming hunting sling
  6912 | D:7      | Bought a shimmering leather armour for 175 gold pieces
  6912 | D:7      | Bought a scroll of identify for 50 gold pieces
  6912 | D:7      | Bought a green potion for 22 gold pieces
  6944 | D:7      | Identified the +2 leather armour of the Present {Dex+3 Int+4} (You bought it in a shop on level 7 of the Dungeon)
  6955 | D:7      | Identified the +7 hunting sling of Oenomania {flame, Dex+4} (You found it on level 7 of the Dungeon)
  6968 | D:7      | Noticed Joseph
  6978 | D:7      | Killed Joseph
  7490 | D:8      | Reached XP level 10. HP: 74/79 MP: 10/10
  7592 | D:8      | Found an opulent altar of Gozag.
  7637 | D:8      | Found a stormy altar of Qazlal.
  7649 | D:8      | Got a pitted plate armour
  7661 | D:8      | Identified the +5 plate armour "Sexky" {Dex-3 Slay+3 Stlth-} (You found it on level 8 of the Dungeon)
  7884 | D:8      | Noticed Bloax's ghost (experienced VSFi)
  7895 | D:8      | Killed Bloax's ghost
  7895 | D:8      | Reached skill level 8 in Dodging
  7939 | D:8      | Acquired Trog's third power
  8210 | D:9      | Noticed Blork the orc
  8212 | D:9      | Noticed ciphuk's ghost (experienced TrBe)
  8217 | D:9      | Killed Blork the orc
  8221 | D:9      | Killed ciphuk's ghost
  8221 | D:9      | Reached skill level 5 in Armour
  8977 | D:10     | Entered Level 10 of the Dungeon
  9031 | D:10     | Noticed a red ugly thing
  9041 | D:10     | Killed a red ugly thing
  9054 | D:10     | Noticed Urug
  9058 | D:10     | Noticed a hill giant
  9071 | D:9      | HP: 3/82 [hill giant/giant club (28)]
  9071 | D:9      | Mangled by Urug

Action                   |  1- 3 |  4- 6 |  7- 9 | 10-12 || total
-------------------------+-------+-------+-------+-------++-------
Melee: Spear             |   172 |       |       |       ||   172
       Hand axe          |     3 |    68 |       |       ||    71
       Great sword       |       |    10 |       |       ||    10
       Short sword       |       |    55 |   280 |   172 ||   507
 Fire: Hunting sling     |       |       |     1 |       ||     1
Invok: Berserk           |     3 |     7 |     9 |     4 ||    23
       Trog's Hand       |       |       |     8 |     4 ||    12
  Use: Scroll            |     3 |     7 |     5 |     4 ||    19
       Potion            |     1 |     7 |     3 |       ||    11
 Stab: Sleeping          |       |     1 |       |       ||     1
  Eat: Bread ration      |     1 |     1 |     4 |       ||     6
       Meat ration       |       |     3 |     1 |       ||     4
       Chunk             |       |     1 |       |       ||     1
       Fruit             |       |     2 |     5 |       ||     7
       Pizza             |       |       |     5 |     4 ||     9
       Royal jelly       |       |       |     1 |     1 ||     2
       Beef jerky        |       |       |     1 |     1 ||     2
